 Dungeon Crawl Stone Soup version 0.29-a0-378-gc08b2e8bf8 (webtiles) character file.

Game seed: 1363556117665731367

31650 ryw the Martial Artist (level 13, -17/98 HPs)
             Began as a Demonspawn Monk on May 4, 2022.
             Was an Elder of Hepliaklqana.
             Killed from afar by a deep elf pyromancer (30 damage)
             ... with a bolt of fire
             ... on level 14 of the Dungeon on May 5, 2022.
             The game lasted 00:37:50 (17343 turns).

ryw the Martial Artist (Demonspawn Monk)           Turns: 17343, Time: 00:37:50

Health: -17/98     AC: 17    Str: 11    XL:     13   Next: 27%
Magic:  32/32      EV: 14    Int: 16    God:    Hepliaklqana [****..]
Gold:   1664       SH: 11    Dex: 17    Spells: 21/26 levels left

rFire   x . .      SeeInvis +     - Unarmed
rCold   . . .      Faith    .   e - +2 kite shield
rNeg    . . .      Spirit   .   p - +1 leather armour
rPois   .          Reflect  .   j - +2 hat of the Tanner {MP+9 SInv}
rElec   .          Harm     +   R - +0 cloak "Wikkis Recu" {Harm rF- Slay+3}
rCorr   .          Rampage  .   (no gloves)
Will    .....                   (no boots)
Stlth   ++........              (no amulet)
HPRegen 0.26/turn               f - +4 ring of protection
MPRegen 0.23/turn               H - +4 ring of protection

@: studying Fighting
A: reduced essence, claws 1, icy blue scales 1, icemail 2, spiny 2, condensation
shield
a: Renounce Religion, Recall Ancestor, Ancestor Identity, Transference, Idealise


You were on level 14 of the Dungeon.
You worshipped Hepliaklqana.
Hepliaklqana was greatly pleased with you.
You visited 2 branches of the dungeon, and saw 15 of its levels.
You also visited: Sewer and Bailey.

You collected 1835 gold pieces.
You spent 171 gold pieces at shops.

Inventory:

Hand Weapons
 c - the +6 battleaxe "Foukluiz" {speed, rElec Dex+4}
   (You found it on level 3 of the Dungeon)

   Attacks with this weapon are significantly faster.
   Dex:       It affects your dexterity (+4).
   rElec:     It insulates you from electricity.
 F - the +7 executioner's axe of the Realm of Zot {drain, rCorr}
   (You found it in a bailey)

   A truly terrible weapon, it drains the life of any living foe it strikes.
   rCorr:     It protects you from acid and corrosion.
 S - a +0 arbalest
Missiles
 n - 23 poisoned darts (quivered)
 x - 4 atropa-tipped darts
 C - 3 curare-tipped darts
 P - a throwing net
Armour
 e - a +2 kite shield (worn)
 j - the +2 hat of the Tanner (worn) {MP+9 SInv}
   (You bought it in a shop on level 4 of the Dungeon)

   MP:        It affects your magic capacity (+9).
   SInv:      It lets you see invisible.
 p - a +1 leather armour (worn)
 v - a +0 troll leather armour {Pargi}
 O - a +1 robe of cold resistance
 R - the +0 cloak "Wikkis Recu" (worn) {Harm rF- Slay+3}
   (You found it on level 12 of the Dungeon)

   Slay:      It affects your accuracy & damage with ranged weapons and melee
   (+3).
   rF:        It makes you vulnerable to fire.
   Harm:      It increases damage dealt and taken.
Jewellery
 f - a +4 ring of protection (left claw)
 H - a +4 ring of protection (right claw)
Wands
 h - a wand of flame (43)
 t - a wand of acid (13)
 D - a wand of charming (10)
 J - a wand of iceblast (15)
Scrolls
 b - 2 scrolls of identify
 d - 2 scrolls of teleportation
 w - a scroll of blinking
 y - 2 scrolls of brand weapon
 E - 6 scrolls of enchant weapon
 G - 2 scrolls of magic mapping
 I - a scroll of silence
 K - a scroll of fear
 N - 2 scrolls of fog
Potions
 a - 2 potions of lignification
 g - a potion of experience {unknown}
 i - 4 potions of attraction
 k - 2 potions of cancellation
 l - a potion of might
 m - a potion of berserk rage
 o - 3 potions of ambrosia
 q - 5 potions of curing
 r - 6 potions of brilliance
 s - 3 potions of flight
 u - a potion of resistance
 z - 2 potions of heal wounds
 A - a potion of invisibility
 B - 2 potions of haste
Miscellaneous
 L - a lightning rod (4/4)
 Q - a condenser vane


   Skills:
 + Level 12.4 Fighting
 - Level 4.2 Axes
 - Level 0.1 Throwing
 - Level 0.3 Armour
 + Level 8.7 Dodging
 - Level 1.7 Stealth
 + Level 3.6 Shields
 * Level 13.6 Unarmed Combat
 - Level 7.3 Spellcasting
 - Level 4.0 Hexes
 - Level 4.0 Translocations
 + Level 2.8 Invocations


You had 21 spell levels left.
You knew the following spells:

 Your Spells              Type           Power      Damage    Failure   Level
a - Blink                 Tloc           36%        N/A       14%         2
b - Confusing Touch       Hex            18%        N/A       28%         3

Your spell library contained the following spells:

 Spells                   Type           Power      Damage    Failure   Level
 Slow                     Hex            72%        N/A       10%         1
 Beastly Appendage        Tmut           10%        N/A       45%         1
 Summon Guardian Golem    Hex/Summ       12%        N/A       54%         3
 Corpse Rot               Necr/Air       10%        N/A       58%         2
 Poisonous Vapours        Pois/Air       10%        N/A       58%         2
 Wereblood                Tmut           5%         N/A       58%         2
 Spider Form              Tmut/Pois      5%         N/A       83%         3
 Vampiric Draining        Necr           5%         2d6       83%         3
 Manifold Assault         Tloc           18%        N/A       95%         5
 Summon Lightning Spire   Summ/Air       5%         N/A       99%         4
 Orb of Destruction       Conj           2%         9d5       100%        7
 Spellforged Servitor     Conj/Summ      2%         N/A       100%        7
 Storm Form               Tmut/Air       2%         N/A       100%        7
 Maxwell's Capacitive Co  Air            2%         ∞         100%        8


Dungeon Overview and Level Annotations

Branches:
Dungeon (14/15)            Temple (1/1) D:5            Lair (0/6) D:9
    Orc (0/2) D:11          Sewer (visited)          Bailey (visited)
 Vaults: D:13-14

Altars:
Ashenzari
Cheibriados
Dithmenos
Elyvilon
Fedhas
Gozag
Hepliaklqana
Kikubaaqudgha
Makhleb
Nemelex Xobeh
Okawaru
Qazlal
Ru
Sif Muna
Trog
Uskayaw
Vehumet
Wu Jian
Xom
Yredelemnul
Zin
The Shining One

Shops:
D:4 [[[

Annotations:
D:11 2 transporters, spaghetti's ghost, journeyman DgFi


Innate Abilities, Weirdness & Mutations

Your life essence is reduced to manifest your ancestor. (-10% HP)
You have sharp fingernails.
You are partially covered in icy blue scales. (AC +2)
A meltable icy envelope protects you from harm. (AC +0)
You are mostly covered in sharp spines.
A meltable shield of frost defends you. (SH +0)


Message History

An ogre comes into view. It is wielding a +0 giant club.
You swap places.
An ogre comes into view. It is wielding a +0 giant club.
The ogre shouts!
A two-headed ogre and an ogre mage come into view.
The ogre mage is wielding a +1 whip of electrocution.
The deep elf archer shouts!
The deep elf zephyrmancer shouts!
Zola gestures at the ogre while chanting.
The ogre resists with significant effort.
The orc warrior shouts!
The ogre mage shouts!
You claw the ogre!
The ogre is moderately wounded.
The ogre is struck by your spines. The ogre hits you with a +0 giant club!
You claw the ogre!
The ogre is almost dead.
Zola gestures at the ogre while chanting.
The ogre resists with significant effort.
You scratch the ogre.
You kill the ogre!
Zola hits the ogre with a +0 dagger of draining.
Zola drains the ogre.
You claw the ogre!
The ogre is severely wounded.
The deep elf pyromancer completely misses you.
Zola hits the ogre with a +0 dagger of draining.
Zola hits the ogre with a +0 dagger of draining!
The ogre dies!
You claw the deep elf pyromancer!
The deep elf pyromancer is moderately wounded.
The deep elf pyromancer casts a spell at you.
The bolt of fire hits you!!! The fire burns you terribly!
Ouch! That really hurt!
* * * LOW HITPOINT WARNING * * *
The deep elf zephyrmancer mumbles some strange words.
The deep elf zephyrmancer blinks!
Zola gestures at the deep elf pyromancer while chanting.
The deep elf pyromancer resists with some effort.
The deep elf pyromancer casts a spell at you.
The bolt of fire hits you!! The fire burns you terribly!
You die...

......... #####..#
##.#..#.#
#...#..#######
#.#..#.#
#...#........# § #.
##. #...#........# #.
#...#).......
..########.<')...#
#.........####)...#
#......o..........#
#..#..#eR#@.#..#..#
...#...#..#O.#(.#....#
...##...#O)#.)#..#...#
......#..#.e#..#..#..#
.......#.§#..#..#....#
........e.......#..#
.........###.####..#
####....####.# #...
#....###..####.


You could see the friendly Zola the hexer, a two-headed ogre, an ogre mage, a
deep elf archer (repels missiles), a deep elf pyromancer (ally target), a deep
elf zephyrmancer and an orc warrior.

Vanquished Creatures
  Fannar (D:10)
  An ogre mage (D:12)
  2 centaur warriors (D:14)
  Erolcha (D:9)
  Erica (D:9)
  6 two-headed ogres
  3 boulder beetles
  A tengu warrior (D:14)
  Nergalle (D:11)
  Sonja (D:13)
  Lodul (D:10)
  2 ugly things
  2 orc knights
  A deep elf pyromancer (D:14)
  6 manticores
  3 cyclopes
  An unseen horror (D:13)
  4 trolls
  3 slime creatures (D:12)
  3 wyverns
  A wraith (D:12)
  24 yaks
  3 steam dragons
  3 vampire mosquitoes
  3 acid dragons
  A water moccasin (D:8)
  A sky beast (D:8)
  Pargi (Sewer)
  An ice beast (D:7)
  6 black bears
  13 orc warriors
  12 ogres
  3 boggarts (D:13)
  5 phantoms
  11 centaurs
  A kobold brigand (D:7)
  Blork the orc (D:4)
  An elf zombie (D:5)
  2 necrophages
  A bullfrog (D:7)
  2 gnoll sergeants
  A scorpion (D:4)
  An elf skeleton (D:5)
  12 killer bees
  4 howler monkeys
  13 orc priests
  3 hounds
  15 orc wizards
  A gnoll shaman (D:10)
  3 iguanas
  2 human skeletons (D:5)
  19 gnolls
  6 adders
  5 shadow imps
  2 ufetubi
  2 worms (D:4)
  38 orcs
  4 ball pythons
  3 bats
  3 endoplasms
  7 giant cockroaches
  6 goblins
  2 hobgoblins
  10 jackals
  5 quokkas
  2 frilled lizards
  7 kobolds
  An orc skeleton (D:5)
  An orc zombie (D:5)
  3 rats (D:1)
321 creatures vanquished.

Vanquished Creatures (collateral kills)
  A komodo dragon (D:11)
  A slime creature (D:12)
  A shadow (D:11)
  A vampire mosquito (D:14)
  An acid dragon (D:12)
  A centaur (D:14)
  An ogre (D:14)
7 creatures vanquished.

Vanquished Creatures (others)
  A freezing wraith (D:14)
  5 hexers
  An orc wizard (D:6)
  An adder (D:6)
  3 fungi (D:5)
11 creatures vanquished.

Grand Total: 339 creatures vanquished

Notes
Turn   | Place    | Note
-------+----------+-------------------------------------------
     0 | D:1      | ryw the Demonspawn Monk began the quest for the Orb.
     0 | D:1      | Reached XP level 1. HP: 18/18 MP: 1/1
   332 | D:1      | Gained mutation: A meltable shield of frost defends you.
                  | (SH +0) [demonic ancestry]
   332 | D:1      | Reached XP level 2. HP: 24/24 MP: 2/2
  1512 | D:2      | Gained mutation: A meltable icy envelope protects you from
                  | harm. (AC +0) [demonic ancestry]
  1512 | D:2      | Reached XP level 3. HP: 11/30 MP: 3/3
  2180 | D:3      | Found a faded altar of an unknown god.
  2316 | D:3      | Found an iron altar of Okawaru.
  2626 | D:3      | Identified the +6 battleaxe "Foukluiz" {speed, rElec Dex+4}
  2720 | D:3      | Reached skill level 1 in Axes
  2720 | D:3      | Gained mutation: You are partially covered in sharp spines.
                  | [demonic ancestry]
  2720 | D:3      | Reached XP level 4. HP: 37/38 MP: 4/4
  2972 | D:4      | Noticed Blork the orc
  3062 | D:4      | Found Jyril's Antique Armour Shoppe.
  3078 | D:4      | Found Zoynorer's Armour Boutique.
  3099 | D:4      | Noticed a necrophage
  3104 | D:4      | Killed a necrophage
  3105 | D:4      | Reached XP level 5. HP: 41/43 MP: 5/5
  3249 | D:4      | Bought a spiked hat for 171 gold pieces
  3249 | D:4      | Identified the +2 hat of the Tanner {MP+9 SInv} (You bought
                  | it in a shop on level 4 of the Dungeon)
  3372 | D:4      | Found Coloquamoq's Antique Armour Shop.
  3576 | D:4      | Gained mutation: You have sharp fingernails. [demonic
                  | ancestry]
  3576 | D:4      | Reached XP level 6. HP: 49/49 MP: 6/6
  3626 | D:4      | Killed Blork the orc
  3627 | D:4      | Reached skill level 3 in Unarmed Combat
  3825 | D:5      | Entered Level 5 of the Dungeon
  3862 | D:5      | Reached skill level 4 in Unarmed Combat
  3988 | D:5      | Found a glowing drain.
  4003 | Sewer    | Entered a sewer
  4023 | Sewer    | Gained mutation: A meltable icy envelope protects you from
                  | harm. (AC +0) [demonic ancestry]
  4023 | Sewer    | Reached XP level 7. HP: 55/55 MP: 7/7
  4045 | Sewer    | Noticed Pargi
  4054 | Sewer    | Killed Pargi
  4055 | Sewer    | Reached skill level 5 in Unarmed Combat
  4204 | D:5      | Found a staircase to the Ecumenical Temple.
  4259 | D:5      | Reached skill level 6 in Unarmed Combat
  4296 | D:5      | Found a bloodstained altar of Trog.
  4734 | D:5      | Gained mutation: You are partially covered in icy blue
                  | scales. (AC +2) [demonic ancestry]
  4734 | D:5      | Reached XP level 8. HP: 51/61 MP: 8/8
  4800 | D:5      | Reached skill level 7 in Unarmed Combat
  5214 | D:6      | Found a blossoming altar of Fedhas.
  5287 | D:6      | Reached skill level 1 in Shields
  5308 | D:6      | Found an iron altar of Okawaru.
  5314 | D:6      | Reached skill level 1 in Spellcasting
  5330 | D:6      | Reached skill level 5 in Fighting
  5330 | D:6      | Reached skill level 8 in Unarmed Combat
  5345 | D:6      | Reached XP level 9. HP: 20/68 MP: 12/12
  5801 | D:6      | Found a shadowy altar of Dithmenos.
  6897 | D:7      | Found an ancient bone altar of Kikubaaqudgha.
  7062 | D:7      | Learned a level 2 spell: Blink
  7066 | D:7      | Learned a level 3 spell: Confusing Touch
  7119 | D:7      | Found a stormy altar of Qazlal.
  7274 | D:7      | Found a shimmering blue altar of Sif Muna.
  7281 | D:7      | Reached skill level 9 in Unarmed Combat
  7888 | Temple   | Entered the Ecumenical Temple
  8289 | D:8      | Found a flagged portal.
  8297 | Bailey   | Entered a bailey
  8569 | Bailey   | Reached XP level 10. HP: 77/77 MP: 15/15
  8586 | Bailey   | Reached skill level 5 in Dodging
  8657 | Bailey   | Noticed an orc knight
  8664 | Bailey   | Killed an orc knight
  8668 | Bailey   | Identified the +7 executioner's axe of the Realm of Zot
                  | {drain, rCorr}
  9307 | D:8      | Reached skill level 10 in Unarmed Combat
  9909 | D:9      | Reached skill level 1 in Hexes
  9911 | D:9      | Reached skill level 1 in Translocations
  9952 | D:9      | Found a shimmering altar of Xom.
  9993 | D:9      | Noticed Erica
 10006 | D:9      | Killed Erica
 10007 | D:9      | Reached skill level 5 in Spellcasting
 10029 | D:9      | Reached XP level 11. HP: 46/86 MP: 18/18
 10244 | D:9      | Noticed a two-headed ogre
 10255 | D:9      | Killed a two-headed ogre
 10353 | D:9      | Found a staircase to the Lair.
 10438 | D:9      | Found a radiant altar of Vehumet.
 10450 | D:9      | Found a burning altar of Makhleb.
 10467 | D:9      | Found an ornate altar of the Wu Jian Council.
 10498 | D:9      | Noticed Erolcha
 10506 | D:9      | Killed Erolcha
 10567 | D:9      | Reached skill level 11 in Unarmed Combat
 10932 | D:10     | Entered Level 10 of the Dungeon
 11126 | D:10     | Identified the +1 falchion "Ycewny" {flame, Will+ Dex+2}
 11283 | D:10     | Noticed Lodul
 11306 | D:10     | Killed Lodul
 11642 | D:10     | Identified the +10 war axe of Megalomania {vorpal, rC+
                  | Dex+4}
 11778 | D:10     | Noticed Fannar
 11804 | D:10     | Killed Fannar
 12370 | D:10     | Found a hazy altar of Hepliaklqana.
 12375 | D:10     | Became a worshipper of Hepliaklqana the Forgotten
 12375 | D:10     | Reached * piety under Hepliaklqana
 12375 | D:10     | Reached ** piety under Hepliaklqana
 12376 | D:10     | Remembered your ancestor Zola as a hexer
 12444 | D:11     | Found a transporter.
 12449 | D:11     | Found a transporter.
 12450 | D:11     | Noticed spaghetti's ghost (journeyman DgFi)
 12487 | D:11     | Found the +8 trident of the Octopus King {venom, rElec
                  | rPois}
 12549 | D:11     | Noticed a white ugly thing
 12549 | D:11     | You fall into a shaft and drop 2 floors!
 12556 | D:12     | Noticed a boulder beetle
 12601 | D:12     | Noticed a two-headed ogre
 12603 | D:12     | Noticed a two-headed ogre
 12603 | D:12     | Noticed an ogre mage
 12809 | D:12     | Killed a boulder beetle
 12988 | D:12     | Killed a two-headed ogre
 12991 | D:12     | Killed a two-headed ogre
 12992 | D:12     | Reached XP level 12. HP: 30/87 MP: 21/21
 13017 | D:12     | Reached skill level 10 in Fighting
 13560 | D:12     | Reached skill level 12 in Unarmed Combat
 13680 | D:12     | Identified the +0 cloak "Wikkis Recu" {Harm rF- Slay+3}
 13767 | D:11     | Noticed Nergalle
 13777 | D:11     | Killed Nergalle
 14098 | D:11     | Noticed a two-headed ogre
 14102 | D:11     | Killed a two-headed ogre
 14205 | D:11     | Found a staircase to the Orcish Mines.
 14283 | D:11     | Noticed a two-headed ogre
 14290 | D:11     | Killed a two-headed ogre
 14448 | D:11     | Reached *** piety under Hepliaklqana
 14852 | D:12     | Killed an ogre mage
 15209 | D:13     | Noticed a boulder beetle
 15227 | D:13     | Killed a boulder beetle
 15280 | D:13     | Noticed a centaur warrior
 15286 | D:13     | Reached skill level 13 in Unarmed Combat
 15550 | D:13     | Noticed Sonja
 15557 | D:13     | Killed Sonja
 15983 | D:13     | Noticed a boulder beetle
 15983 | D:13     | Noticed a two-headed ogre
 15989 | D:13     | Killed a two-headed ogre
 15999 | D:13     | Killed a boulder beetle
 16000 | D:13     | Gained mutation: You are mostly covered in sharp spines.
                  | [demonic ancestry]
 16000 | D:13     | Reached XP level 13. HP: 41/97 MP: 23/23
 16283 | D:13     | Identified a scroll of acquirement
 16283 | D:13     | Acquired 638 gold pieces
 16296 | D:14     | Reached **** piety under Hepliaklqana
 16307 | D:14     | Reached skill level 1 in Invocations
 17343 | D:14     | Killed from afar by a deep elf pyromancer

Illustrated notes

Levels and vault maps discovered:
D:1:      ebering_trefoil_twist, layout_basic
D:2:      layout_basic, chequers_serial_rivers_room_b
D:3:      layout_basic, okawaru_trees_1, hellmonk_ecumenical_altar_leap_of_faith
D:4:      layout_cave_pools, serial_shops, nicolae_shop_waterfront, shop,
          nicolae_diamond_shop, chequers_mini_garden, uniq_blork_the_orc
D:5:      layout_loops_ring, trog_three_pillars_becter,
          minmay_temple_entry_tees, portal_sewer_entry_f,
          nicolae_ossuary_entry_catacombs, dreamdust_gnoll_farm
D:6:      layout_basic, lemuel_round_altar, kennysheep_little_box,
          minmay_ruined_shrine
D:7:      layout_loops_ring, amcnicky_altar_gilded, kennysheep_orc_sif_temple,
          nicolae_qazlal_style_of_elements
D:8:      layout_gridville, elyvilon_altar_5, enter_bailey_3
D:9:      layout_cave_pools, nicolae_vehumet_altar_sigil,
          nicolae_wu_jian_wuxing_cycle, mainiacjoe_overflow_cross_hatched,
          mainiacjoe_overflow_six_doors_small, lair_entry_dummy,
          kennysheep_generic_room_9, uniq_erolcha, uniq_erica
D:10:     layout_basic, worldfamousw_hep_ancestral_shrine, abandoned_shop,
          uniq_lodul, uniq_fannar
D:11:     layout_irregular_city, orc_0_dummy, gammafunk_ghost_hive,
          uniq_nergalle
D:12:     layout_basic
D:13:     layout_loops_ring, gauntlet_entry_generic, kennysheep_potato,
          uniq_sonja
D:14:     layout_irregular_city, hangedman_vaults_entry_quadrant_bands,
          serial_shops, nicolae_square_shop, minmay_misc_feat_diagonals,
          minmay_checkered_concentric_circles
Temple:   compressed_dpeg_triangle_lava_temple

Skill      XL: |  1  2  3  4  5  6  7  8  9 10 11 12 13 |
---------------+----------------------------------------+-----
Fighting       | 4 5 6 8 9 12 | 12.4
Axes           | 1 3 4 |  4.2
Unarmed Combat | 4 6 8 9 10 11 13 | 13.6
Shields        | 2 3 |  3.6
Dodging        | 3 4 6 7 8 |  8.7
Spellcasting   | 2 3 5 6 7 |  7.3
Hexes          | 2 4 |  4.0
Translocations | 2 4 |  4.0
Invocations    | 2 |  2.8
Throwing       | |  0.1
Armour         | |  0.3
Stealth        | |  1.7

Action                   |  1- 3 |  4- 6 |  7- 9 | 10-12 | 13-15 || total
-------------------------+-------+-------+-------+-------+-------++-------
Melee: Unarmed           |   123 |       |       |   133 |    44 ||   300
       Punch             |     2 |       |       |     7 |       ||     9
       Battleaxe         |     7 |    52 |   256 |   351 |       ||   666
 Fire: Hunting sling     |       |     5 |     4 |       |       ||     9
Throw: Stone             |     4 |       |       |       |       ||     4
       Dart              |     7 |       |       |       |       ||     7
Invok: Recall Ancestor   |       |       |       |     5 |     3 ||     8
       Ancestor Life: He |       |       |       |     1 |       ||     1
  Use: Scroll            |       |    18 |     4 |     6 |     5 ||    33
       Potion            |       |       |     2 |     2 |       ||     4
 Stab: Sleeping          |     2 |     2 |     5 |     2 |       ||    11
       Distracted        |       |       |     1 |     7 |       ||     8
       Confused          |       |       |       |     5 |     4 ||     9
Armor: Robe              |    12 |       |       |       |       ||    12
       Leather armour    |     5 |    20 |   110 |   189 |    29 ||   353
Dodge: Dodged            |    71 |    29 |   167 |   320 |    34 ||   621
Block: Other             |    13 |     7 |    37 |    62 |       ||   119
       Kite shield       |       |       |       |       |    67 ||    67

Table legend: (Time is in decaauts)
 A = Elapsed time spent in this place.
 B = Non-inter-level travel time spent in this place.
 C = Inter-level travel time spent in this place.
 D = Time resting spent in this place.
 E = Time spent auto-exploring this place.
 F = Levels seen in this place.
 G = Mean time per level.
                   A        B        C        D        E       F      G
               +--------+--------+--------+--------+--------+-----+--------+
         Total |  17353 |  16658 |    695 |   2906 |  11172 |  17 | 1020.8 |
       Dungeon |  16318 |  15626 |    692 |   2906 |  10357 |  14 | 1165.6 |
        Temple |    266 |    263 |      3 |      0 |    254 |   1 |  266.0 |
         Sewer |    139 |    139 |      0 |      0 |     84 |   1 |  139.0 |
        Bailey |    628 |    628 |      0 |      0 |    477 |   1 |  628.0 |
               +--------+--------+--------+--------+--------+-----+--------+

Top non-repeatable levels by time:
    D:13: 1764 daAuts
     D:6: 1689 daAuts
    D:10: 1679 daAuts
    D:12: 1500 daAuts
     D:7: 1243 daAuts
     D:2: 1097 daAuts
     D:9: 1092 daAuts
     D:5: 1065 daAuts
     D:1: 1063 daAuts
    D:11: 1023 daAuts
     D:8: 988 daAuts
     D:4: 879 daAuts
     D:3: 801 daAuts
  Bailey: 628 daAuts
    D:14: 428 daAuts
